 Dungeon Crawl Stone Soup version 0.31.0-11-ge490571c62 (webtiles) character file.

Game seed: 2243960620956544438

6 qw the Shooter (level 1, 0/10 HPs)
             Began as a Spriggan Hunter on Feb 4, 2024.
             Succumbed to their own poison gas
             ... on level 1 of the Dungeon.
             The game lasted 00:00:08 (270 turns).

qw the Shooter (Spriggan Hunter)                     Turns: 270, Time: 00:00:09

Health: 0/10       AC:  2    Str:  7    XL:     1   Next: 75%
Magic:  2/2        EV: 18    Int: 10    God:
Gold:   40         SH:  0    Dex: 18    Spells: 0/0 levels left

rFire   . . .        a - +0 shortbow
rCold   . . .        (shield currently unavailable)
rNeg    . . .        c - +0 robe
rPois   .            (helmet restricted)
rElec   .            (no cloak)
rCorr   .            (gloves unavailable)
SInv    +            (boots unavailable)
Will    .....        (no amulet)
Stlth   ++           (no ring)
HPRegen 0.21/turn    (no ring)
MPRegen 0.08/turn

%: no passive effects
@: lethally poisoned (0 -> -7), very quick
A: very small, no large weapons, unfitting armour, see invisible, speed 3
a: no special abilities


You were on level 1 of the Dungeon.
You visited 1 branch of the dungeon, and saw 1 of its levels.

You collected 40 gold pieces.


Innate Abilities, Weirdness & Mutations

You are very small and have problems with some larger weapons.
You are too small for most types of armour.
You have supernaturally acute eyesight. (SInv)
You cover ground extremely quickly. (Speed+++)


   Skills:
 - Level 1.5 Fighting
 - Level 4.0 Ranged Weapons
 + Level 3.5 Dodging
 - Level 1.5 Stealth


You couldn't memorise any spells.
You didn't know any spells.
Your spell library was empty.

Inventory:

Hand Weapons
 a - a +0 shortbow (weapon)
Armour
 c - a +0 robe (worn)
Potions
 f - a potion of enlightenment

Dungeon Overview and Level Annotations

Branches:
Dungeon (1/15)

Altars:

Shops:
D:1 *


Message History

You shoot an arrow. The arrow hits the kobold!
You kill the kobold!
There is an open door here.
You open the door. You open the door.
There is an open door here.
There is an open door here.
There is an open door here.
There is an open door here.
There is an open door here.
Found a chain mail.
You see here 4 stones.
f - a green potion You see here a +0 chain mail.
A rat comes into view.
A rat is nearby!
264 ||| READING scroll labelled XYKIAR ZAGI.
As you read the scroll labelled XYKIAR ZAGI, it crumbles to dust.
It is a scroll of identify.
264 ||| IDENTIFYING green potion;
f - a potion of enlightenment A rat is nearby!
265 ||| READING scroll labelled WENOEWK KORO.
The air fills with toxic fumes!
As you read the scroll labelled WENOEWK KORO, it crumbles to dust.
It was a scroll of poison.
A rat is nearby!
266 ||| DROPPING scroll of butterflies.
You drop a scroll of butterflies.
The rat squeaks loudly.
A rat is nearby!
A rat is nearby!
Enter note: You are engulfed in poison gas.
You are lethally poisoned!
You feel sick.
268 ||| Stepping ~*~*~tactically~*~*~ (cloud).
You feel sick.
There is a lethal amount of poison in your body!
You feel sick.
There is a lethal amount of poison in your body!
You die...

.#.#.#. ..## .#.#.#.#....##
#.#.#.#.#....##..
.#.#$#.#.#...¤#.#
#.#.#.#r#.#.0...#
.#.#.#.#.#.#....#
...#.#.#.#.#.#.#.#.#...#
#...#.#.#.#.#.#¤#.#....#
#....#.#.#.#.#@#?#.....#
####....#.#.#.#.#.#[...#.# #
.........#.#.#.#.#.¤.....# ...
#.........#.#.#.#...¤#.####.....
#..........#.#.#....¤##.........
#.).........#.#....#.#.####.....
.....###...¤.#..(.##..# ...
#.#### #.........####.# . ..#
#........## #.#


You could see a rat.

Vanquished Creatures
  A giant cockroach (D:1)
  A kobold (D:1)
  A ball python (D:1)
  3 bats (D:1)
  A rat (D:1)
7 creatures vanquished.

Notes
Turn   | Place    | Note
-------+----------+-------------------------------------------
     0 | D:1      | qw the Spriggan Hunter began the quest for the Orb.
     0 | D:1      | Reached XP level 1. HP: 10/10 MP: 2/2
     0 | D:1      | 0 ||| qw: Version: 0.3-a-160-g6735b56
     0 | D:1      | 0 ||| qw: Game counter: 5916
     0 | D:1      | 0 ||| qw: Melee chars always use a shield: true
     0 | D:1      | 0 ||| qw: God list: Okawaru
     0 | D:1      | 0 ||| qw: Allow faded altars: false
     0 | D:1      | 0 ||| qw: Do Orc after clearing Dungeon:15 true
     0 | D:1      | 0 ||| qw: Do second Lair branch before Depths: true
     0 | D:1      | 0 ||| qw: Lair rune preference: random
     0 | D:1      | 0 ||| qw: Goals: Normal
     0 | D:1      | 0 ||| PLANNING D:1-11
    35 | D:1      | Found Zyonuk's Assorted Antiques.
    40 | D:1      | 40 ||| SHOPLISTING blue potion (21 gold, have 16).
    40 | D:1      | 40 ||| SHOPLISTING coppery potion (21 gold, have 16).
    40 | D:1      | 40 ||| SHOPLISTING glowing pink potion (21 gold, have 16).
    40 | D:1      | 40 ||| SHOPLISTING golden potion (21 gold, have 16).
    40 | D:1      | 40 ||| SHOPLISTING scroll labelled DYCOODYUMI (24 gold,
                  | have 16).
    73 | D:1      | Reached skill level 3 in Dodging
   264 | D:1      | 264 ||| READING scroll labelled XYKIAR ZAGI.
   264 | D:1      | 264 ||| IDENTIFYING green potion
   265 | D:1      | 265 ||| READING scroll labelled WENOEWK KORO.
   266 | D:1      | 266 ||| DROPPING scroll of butterflies.
   268 | D:1      | 268 ||| Stepping ~*~*~tactically~*~*~ (cloud).
   269 | D:1      | HP: 2/10 [poisoned by you (poison gas)]
   270 | D:1      | Succumbed to their own poison gas

Levels and vault maps discovered:
D:1:      dpeg_arrival_radiant, layout_loops_cross, serial_shops,
          nicolae_shop_tiny_real_fake_doors, serial_rivers,
          chequers_serial_rivers_micro_c, chequers_serial_rivers_micro_c,
          chequers_serial_rivers_micro_e, chequers_serial_rivers_micro_a,
          nicolae_the_louvre

Skill      XL: |  1 |
---------------+----+-----
Dodging        | 3 |  3.5
Fighting       | |  1.5
Ranged Weapons | |  4.0
Stealth        | |  1.5

Action                     || total
---------------------------++-------
   Fire: Shortbow          ||    14
    Use: Scroll            ||     2
  Dodge: Dodged            ||     1

Table legend:
 A = Non-vault XP
 B = Vault XP
 C = Vault XP percentage of total XP
 D = Non-vault monster count
 E = Vault monster count
 F = Vault count percentage of total count
                 A         B        C        D         E       F
            +---------+---------+-------+---------+---------+-------
      Total |       9 |       0 |   0.0 |       7 |       0 |   0.0
            +---------+---------+-------+---------+---------+-------
        D:1 |       9 |       0 |   0.0 |       7 |       0 |   0.0
            +---------+---------+-------+---------+---------+-------
